 Dungeon Crawl Stone Soup version 0.15-a0-1403-g2cecdf4 (console) character file.

1989 Kellhus the Conjurer (level 9, 3/51 HPs)
             Began as a High Elf Wizard on June 11, 2014.
             Quit the game on Level 6 of the Dungeon.
             The game lasted 00:15:08 (7670 turns).

Kellhus the Conjurer (High Elf Wizard)              Turns: 7670, Time: 00:15:09

HP   3/51        AC  4     Str  6      XL: 9   Next:  1%
MP   5/25        EV 12     Int 26      God:
Gold 199         SH  0     Dex 14      Spells:  5 memorised, 10 levels left

rFire  . . .     SeeInvis +     L - staff of poison
rCold  . . .     Clarity  +     G - +0 robe
rNeg   . . .     rCorr    .     (no shield)
rPois  +         rRot     .     u - +1 hat
rElec  .         Spirit   .     K - +0 cloak
SustAb .         Warding  .     (no gloves)
rMut   .         Stasis   .     (no boots)
Gourm  .                        j - amulet of clarity
MR     .....                    (no ring)
                                s - ring of see invisible

@: repel missiles, not resistant to hostile enchantments, unstealthy
A: no striking features
a: no special abilities


You were on level 6 of the Dungeon.
You were not hungry.

You visited 2 branches of the dungeon, and saw 8 of its levels.

You collected 199 gold pieces.

Inventory:

Hand weapons
 y - a +1,+3 dagger of speed
Armour
 a - a +0 robe
 b - a +0 hat
 u - a +1 hat (worn)
 G - a +0 robe (worn)
 K - a +0 cloak (worn)
Magical devices
 p - a wand of random effects (5)
 v - a wand of cold (6)
 C - a wand of fire (7) {unknown}
 E - a wand of teleportation (6) {unknown}
 J - a wand of polymorph (14) {unknown}
Comestibles
 d - 6 bread rations
 g - 2 meat rations
 w - a royal jelly
 x - a slice of pizza
 I - a beef jerky
 N - 6 rotting chunks of troll flesh
Scrolls
 e - 3 scrolls of identify
 l - 2 scrolls of teleportation
 m - 2 scrolls of enchant weapon II
 o - 2 scrolls of fog
 M - a scroll of recharging {unknown}
Jewellery
 j - an amulet of clarity (around neck)
 r - an uncursed amulet of rage
 s - a ring of see invisible (left hand)
Potions
 f - 2 potions of might {unknown}
 h - 2 potions of curing {unknown}
 i - 5 potions of heal wounds
 k - 3 potions of poison {unknown}
 n - a potion of cure mutation {unknown}
 q - a potion of resistance {unknown}
 z - a potion of berserk rage {unknown}
 A - a potion of flight {unknown}
 B - a potion of magic {unknown}
 D - a potion of invisibility {unknown}
 F - a potion of restore abilities {unknown}
 H - a potion of brilliance {unknown}
Books
 c - a book of Minor Magic

   Spells                             Type                      Level
   *Magic Dart                        Conjuration                  1
   *Blink                             Translocation                2
   Call Imp                           Summoning                    2
   *Repel Missiles                    Charms/Air                   2
   Slow                               Hexes                        2
   *Conjure Flame                     Conjuration/Fire             3
   *Mephitic Cloud                    Conjuration/Poison/Air       3
 t - a book of Control

   Spells                             Type                      Level
   Control Teleport                   Charms/Translocation         4
   Control Undead                     Necromancy                   4
   Enslavement                        Hexes                        4
   Metabolic Englaciation             Hexes/Ice                    5
   Mass Confusion                     Hexes                        6
Magical staves
 L - an uncursed staff of poison (weapon)


   Skills:
 - Level 2.1 Dodging
 - Level 2.1 Stealth
 + Level 6.7 Spellcasting
 - Level 11.4 Conjurations
   Level 0.8 Summonings
 - Level 1.1 Translocations


You had 10 spell levels left.
You knew the following spells:

 Your Spells              Type           Power        Failure   Level  Hunger
a - Magic Dart            Conj           ####         1%          1    None
b - Conjure Flame         Conj/Fire      #####...     1%          3    None
c - Mephitic Cloud        Conj/Pois/Air  #####...     6%          3    None
l - Blink                 Tloc           N/A          10%         2    None
r - Repel Missiles        Chrm/Air       #.....       12%         2    None


Dungeon Overview and Level Annotations

Branches:
Dungeon (7/15)             Temple (1/1) D:4

Altars:
Ashenzari
Dithmenos
Elyvilon
Fedhas
Gozag
Kikubaaqudgha
Makhleb
Nemelex Xobeh
Okawaru
Qazlal
Sif Muna
Trog
Xom
Yredelemnul
Zin
The Shining One

Shops:
D:4 (


Message History

Confirm with . or Enter, or press ? or * to list all spells.
Aiming: Magic Dart
Press: ? - help, Shift-Dir - straight line, f/p - ice beast
Aim: an ice beast (almost dead)
The magic dart hits the ice beast.
The ice beast is almost dead.
The ice beast hits you. The ice beast freezes you!
* * * LOW HITPOINT WARNING * * *
Casting: Magic Dart
Confirm with . or Enter, or press ? or * to list all spells.
Aiming: Magic Dart
Press: ? - help, Shift-Dir - straight line, f/p - ice beast
Aim: an ice beast (almost dead)
The magic dart hits the ice beast.
You kill the ice beast!
You have reached level 9!
Your experience leads to an increase in your attributes!
Increase (S)trength, (I)ntelligence, or (D)exterity?
You feel clever.
You feel agile.
Are you sure you want to abandon this character and quit the game? (Confirm with "yes".)

#...#..#..############.###.#
#...................#....#.# ###
#...##..####..#####......... ..##
#.....#<.......# #.........#
_..###...#.....##..## #.......(..
...#.....###.......# ###........
...'.######..###...#######.......
...### ###.## #.#..........#.##.
_..######....###@.......>.....)..
..###......................##.##[
####._####....#................#.
.....######..##.##########.#...#.
.................### ####.##.##.
...############....####..........
...# ####.............## ...#
######........## ..## #........##


There were no monsters in sight!

Vanquished Creatures
  A troll (D:7)
  A sky beast (D:6)
  A necrophage (D:7)
  An ogre (D:7)
  An orc warrior (D:6)
  3 ice beasts
  A centaur (D:5)
  3 giant frogs
  A scorpion (D:5)
  3 orc priests (D:6)
  A hound (D:4)
  A jelly (D:6)
  2 crimson imps (D:5)
  4 goliath beetles
  A giant frog zombie (D:5)
  An orc wizard (D:6)
  2 iguanas
  4 worker ants
  3 gnolls (D:5)
  6 adders
  A worm (D:2)
  An adder skeleton (D:3)
  An iguana skeleton (D:5)
  7 giant geckos
  2 oozes
  12 orcs
  4 ball pythons
  17 bats
  A bat skeleton (D:4)
  5 giant cockroaches
  9 goblins
  7 hobgoblins
  6 jackals
  3 quokkas (D:5)
  8 giant newts
  A jackal skeleton (D:6)
  14 kobolds
  A kobold skeleton (D:4)
  An orc skeleton (D:6)
  19 rats
161 creatures vanquished.

Notes
Turn   | Place    | Note
--------------------------------------------------------------
     0 | D:1      | Kellhus, the High Elf Wizard, began the quest for the Orb.
     0 | D:1      | Reached XP level 1. HP: 11/11 MP: 5/5
   266 | D:1      | Reached XP level 2. HP: 9/17 MP: 1/7
  1099 | D:1      | Reached XP level 3. HP: 21/21 MP: 5/10
  1728 | D:2      | Reached skill level 4 in Conjurations
  1875 | D:2      | Found a burning altar of Makhleb.
  2159 | D:2      | Reached XP level 4. HP: 25/27 MP: 9/13
  2933 | D:3      | Found a basalt altar of Yredelemnul.
  2993 | D:3      | Reached skill level 5 in Conjurations
  3326 | D:4      | Reached XP level 5. HP: 31/31 MP: 5/14
  3391 | D:4      | Learned a level 3 spell: Conjure Flame
  3395 | D:4      | Learned a level 3 spell: Mephitic Cloud
  3644 | D:4      | Found Croareaj's Antique Weapon Shop.
  3689 | D:4      | Found a staircase to the Ecumenical Temple.
  3696 | D:4      | Reached skill level 6 in Conjurations
  3710 | Temple   | Entered the Ecumenical Temple
  4043 | D:4      | Reached XP level 6. HP: 8/36 MP: 0/17
  4426 | D:5      | Entered Level 5 of the Dungeon
  4439 | D:5      | Reached skill level 7 in Conjurations
  4878 | D:5      | Reached skill level 5 in Spellcasting
  5049 | D:5      | Reached XP level 7. HP: 41/41 MP: 2/22
  5331 | D:5      | Found a shadowy altar of Dithmenos.
  5696 | D:5      | Reached skill level 8 in Conjurations
  5884 | D:5      | Learned a level 2 spell: Repel Missiles
  5887 | D:5      | Learned a level 2 spell: Blink
  6083 | D:6      | Reached skill level 9 in Conjurations
  6083 | D:6      | Reached XP level 8. HP: 46/46 MP: 11/24
  6343 | D:6      | Found a sparkling altar of Nemelex Xobeh.
  6925 | D:6      | Found a glowing silver altar of Zin.
  6925 | D:6      | Found an opulent altar of Gozag.
  6994 | D:6      | Reached skill level 10 in Conjurations
  7281 | D:7      | Noticed a troll
  7400 | D:7      | Killed a troll
  7400 | D:7      | Reached skill level 11 in Conjurations
  7668 | D:6      | HP: 2/46 [ice beast (13)]
  7669 | D:6      | Reached XP level 9. HP: 2/51 MP: 5/25
  7670 | D:6      | Quit the game

Action                   |  1- 3 |  4- 6 |  7- 9 || total
-------------------------+-------+-------+-------++-------
Melee: Unarmed           |    11 |       |       ||    11
       Dagger            |       |     1 |       ||     1
       Staff             |       |       |     6 ||     6
 Cast: Magic Dart        |   107 |   190 |   256 ||   553
       Conjure Flame     |       |     6 |    10 ||    16
       Mephitic Cloud    |       |     1 |     6 ||     7
       Repel Missiles    |       |       |     1 ||     1
Evoke: Wand              |       |     2 |     3 ||     5
  Use: Scroll            |       |     6 |     1 ||     7
